 Dungeon Crawl Stone Soup version 0.26-a0-652-gafc20e3620 (webtiles) character file.

Game seed: 10638264509366760955

44 muata the Chiller (level 3, 20/24 HPs)
             Began as a Merfolk Ice Elementalist on Oct 2, 2020.
             Quit the game on level 2 of the Dungeon on Oct 3, 2020.
             The game lasted 00:06:24 (1176 turns).

muata the Chiller (Merfolk Ice Elementalist)        Turns: 1176, Time: 00:06:25

Health: 20/24      AC:  2    Str:  9    XL:     3   Next: 60%
Magic:  1/6        EV: 14    Int: 14    God:
Gold:   52         SH:  0    Dex: 14    Spells: 6/7 levels left

rFire    . . .     SeeInvis .   b - +0 dagger
rCold    . . .     Faith    .   (no shield)
rNeg     . . .     Spirit   .   a - +0 robe
rPois    .         Reflect  .   (no helmet)
rElec    .         Harm     .   (no cloak)
rCorr    .         Rampage  .   (no gloves)
MR       .....                  (no boots)
Stlth    ++........             (no amulet)
HPRegen  0.08/turn              (no ring)
MPRegen  0.10/turn              (no ring)

@: very slightly contaminated
A: change form in water, swift swim, stealthy swim
a: no special abilities


You were on level 2 of the Dungeon.
You visited 1 branch of the dungeon, and saw 2 of its levels.

You collected 52 gold pieces.

Inventory:

Hand Weapons
 b - a +0 dagger (weapon)
Missiles
 m - 17 poisoned darts (quivered)
Armour
 a - a +0 robe (worn)
Jewellery
 c - a +4 ring of protection {unknown}
 j - a +6 ring of strength {unknown}
Scrolls
 d - 3 scrolls of amnesia {unknown}
 e - 3 scrolls of teleportation {unknown}
 f - 2 scrolls of blinking {unknown}
 g - a scroll of enchant armour {unknown}
 h - a scroll of identify {unknown}
 i - 2 scrolls of remove curse {unknown}
Potions
 k - a potion of stabbing {unknown}
 l - a potion of cancellation {unknown}


   Skills:
 + Level 3.6 Dodging
 - Level 2.1 Stealth
 + Level 2.6 Spellcasting
 + Level 4.9 Ice Magic


You had 6 spell levels left.
You knew the following spells:

 Your Spells              Type           Power        Failure   Level
a - Freeze                Ice            ###.         3%          1

Your spell library contained the following spells:

 Spells                   Type           Power        Failure   Level
 Frozen Ramparts          Ice            ###...       9%          3
 Ozocubu's Armour         Ice            ###.....     9%          3
 Hailstorm                Conj/Ice       #.......     63%         4
 Summon Ice Beast         Ice/Summ       #.......     63%         4


Dungeon Overview and Level Annotations

Branches:
Dungeon (2/15)

Altars:


Message History

Confirm with . or Enter, or press ? or * to list all spells.
Aiming: Freeze (safe; 3% risk of failure)
Press: ? - help, Shift-Dir - straight line, f - frilled lizard
Aim: a frilled lizard You miscast Freeze.
You are very lightly contaminated with residual magic.
Nothing appears to happen.
The frilled lizard misses you.
Casting: Freeze (safe; 3% risk of failure)
Confirm with . or Enter, or press ? or * to list all spells.
Aiming: Freeze (safe; 3% risk of failure)
Press: ? - help, Shift-Dir - straight line, f/p - frilled lizard
Aim: a frilled lizard You freeze the frilled lizard.
You kill the frilled lizard!
Casting: Freeze (safe; 3% risk of failure)
Confirm with . or Enter, or press ? or * to list all spells.
You don't know that spell.
Welcome back, muata the Merfolk Ice Elementalist.
Press ? for a list of commands and other information.
Are you sure you want to abandon this character and quit the game? (Confirm with "yes".)

# #####.# ###.#
###############.....# #....
..........##........# #....
........).+.......># #....
........##........###....
#....†@....####.#......
###.#..†.......######.#....
...............+...........
#..............######.#....
.......##...<.......#.#..<.
....... #.##.#......#.#....
..#+#####....#.##.....#....
. #...####.##.....#....
+.[....#.##..........


There were no monsters in sight!

Vanquished Creatures
  An adder (D:2)
  A dart slug (D:1)
  2 leopard geckos (D:1)
  4 bats
  3 giant cockroaches (D:1)
  A hobgoblin (D:1)
  4 kobolds
  3 frilled lizards
  5 goblins
  5 rats
29 creatures vanquished.

Notes
Turn   | Place    | Note
-------+----------+-------------------------------------------
     0 | D:1      | muata the Merfolk Ice Elementalist began the quest for the
                  | Orb.
     0 | D:1      | Reached XP level 1. HP: 13/13 MP: 3/3
   266 | D:1      | Reached XP level 2. HP: 16/19 MP: 1/5
   760 | D:1      | Reached XP level 3. HP: 24/24 MP: 4/6
  1176 | D:2      | Quit the game

Illustrated notes

Levels and vault maps discovered:
D:1:      dpeg_arrival_long_road, layout_basic, serial_rivers,
          chequers_serial_rivers_small_3, chequers_serial_rivers_small_b,
          chequers_serial_rivers_small_a, chequers_serial_rivers_micro_b
D:2:      layout_basic, ebering_dispersal_statue_hall, uniq_terence

Skill      XL: |  1 |
---------------+----+-----
Dodging        | 3 |  3.6
Stealth        | |  2.1
Spellcasting   | |  2.6
Ice Magic      | |  4.9

Action                   || total
-------------------------++-------
Melee: Dagger            ||     5
 Cast: Freeze            ||    38
 Stab: Sleeping          ||     1
Armor: Robe              ||     9
Dodge: Dodged            ||    21

Table legend: (Time is in decaauts)
 A = Elapsed time spent in this place.
 B = Non-inter-level travel time spent in this place.
 C = Inter-level travel time spent in this place.
 D = Time resting spent in this place.
 E = Time spent auto-exploring this place.
 F = Levels seen in this place.
 G = Mean time per level.
                   A        B        C        D        E       F      G
               +--------+--------+--------+--------+--------+-----+--------+
         Total |   1164 |   1158 |      6 |    106 |    810 |   2 |  582.0 |
       Dungeon |   1164 |   1158 |      6 |    106 |    810 |   2 |  582.0 |
               +--------+--------+--------+--------+--------+-----+--------+

Top non-repeatable levels by time:
     D:1: 1042 daAuts
     D:2: 121 daAuts
